 Dungeon Crawl Stone Soup version 0.28.0-47-ge53b351184 (webtiles) character file.

Game seed: 12774419548134536584

90127 pkoi the Destroyer (level 15, -1/116 HPs)
             Began as a Demigod Conjurer on May 8, 2022.
             Succumbed to Nessos's poison
             ... on level 2 of the Orcish Mines.
             The game lasted 01:08:24 (47757 turns).

pkoi the Destroyer (Demigod Conjurer)              Turns: 47757, Time: 01:08:25

Health: -1/116     AC: 16    Str: 10    XL:     15   Next: 10%
Magic:  8/28       EV: 14    Int: 42    God:
Gold:   1121       SH:  5    Dex: 14    Spells: 7/26 levels left

rFire   + . .      SeeInvis +   j - +6 long sword "Demigod's Regret" {vorpal, rPois Str+2 Dex+2 SInv}
rCold   + . .      Faith    .   (no shield)
rNeg    + . .      Spirit   .   H - +0 acid dragon scales
rPois   +          Reflect  +   d - +1 helmet
rElec   .          Harm     .   J - +2 cloak
rCorr   +          Rampage  .   h - +1 pair of gloves
Will    +....                   i - +0 pair of boots
Stlth   ++........              C - amulet of reflection
HPRegen 0.29/turn               x - ring of Qeirenam {rC+ rN+ rCorr Int+2}
MPRegen 0.21/turn               D - ring of protection from fire

@: lethally poisoned (-1 -> -16)
A: high MP 1, forlorn, divine attributes
a: no special abilities


You were on level 2 of the Orcish Mines.
You visited 3 branches of the dungeon, and saw 20 of its levels.

You collected 1602 gold pieces.
You spent 481 gold pieces at shops.

Inventory:

Hand Weapons
 b - a +0 mace
 j - the +6 long sword "Demigod's Regret" (weapon) {vorpal, rPois Str+2 Dex+2 SInv}
   (You found it on level 2 of the Dungeon)

   It inflicts extra damage upon your enemies.
   Str:       It affects your strength (+2).
   Dex:       It affects your dexterity (+2).
   rPois:     It protects you from poison.
   SInv:      It lets you see invisible.
 q - a +0 short sword of venom
Missiles
 o - 6 curare-tipped darts
 p - a throwing net
Armour
 d - a +1 helmet (worn)
 h - a +1 pair of gloves (worn)
 i - a +0 pair of boots (worn)
 H - +0 acid dragon scales (worn)
 J - a +2 cloak (worn)
Jewellery
 n - a ring of willpower
 u - the ring of the Princeling {rPois rN++ rCorr Dex-3}
   (You found it on level 4 of the Lair of Beasts)

   [ring of poison resistance]

   Dex:       It affects your dexterity (-3).
   rPois:     It protects you from poison.
   rN:        It greatly protects you from negative energy.
   rCorr:     It protects you from acid and corrosion.
 x - the ring of Qeirenam (left hand) {rC+ rN+ rCorr Int+2}
   (You bought it in a shop on level 5 of the Dungeon)

   [ring of positive energy]

   Int:       It affects your intelligence (+2).
   rC:        It protects you from cold.
   rN:        It protects you from negative energy.
   rCorr:     It protects you from acid and corrosion.
 A - a ring of resist corrosion
 C - an amulet of reflection (around neck)
 D - a ring of protection from fire (right hand)
 G - a +4 ring of evasion
 I - a ring of protection from cold
Wands
 f - a wand of acid (4)
 k - a wand of flame (16)
 t - a wand of iceblast (14)
 w - a wand of mindburst (6)
 y - a wand of polymorph (14)
 z - a wand of paralysis (11)
Scrolls
 a - a scroll of blinking
 c - 4 scrolls of identify
 E - a scroll of silence
 K - a scroll of enchant armour
 M - 2 scrolls of amnesia
Potions
 g - 6 potions of heal wounds
 l - 4 potions of haste
 m - 2 potions of brilliance
 r - 4 potions of flight
 s - 3 potions of berserk rage
 v - 2 potions of might
 B - 3 potions of curing
 F - a potion of resistance
 L - a potion of cancellation {unknown}
 N - a potion of ambrosia


   Skills:
 + Level 6.5 Fighting
 + Level 10.1 Long Blades
 + Level 6.4 Armour
 + Level 7.0 Dodging
 + Level 2.8 Stealth
 + Level 6.3 Spellcasting
 + Level 11.8 Conjurations
 + Level 9.5 Hexes
 - Level 6.0 Translocations
 + Level 6.0 Fire Magic
 - Level 6.0 Ice Magic
 - Level 6.0 Air Magic
 - Level 3.0 Evocations


You had 7 spell levels left.
You knew the following spells:

 Your Spells              Type           Power      Damage    Failure   Level
a - Magic Dart            Conj           100%       1d8       1%          1
b - Searing Ray           Conj           100%       2d8       1%          2
c - Iskenderun's Mystic   Conj/Tloc      73%        2d15      1%          4
d - Fulminant Prism       Conj/Hex       40%        3d20      1%          4
e - Inner Flame           Hex/Fire       68%        N/A       1%          3
f - Freezing Cloud        Conj/Ice/Air   34%        6-21      3%          5

Your spell library contained the following spells:

 Spells                   Type           Power      Damage    Failure   Level
 Foxfire                  Conj/Fire      100%       2x1d9     1%          1
 Static Discharge         Conj/Air       73%        N/A       1%          2
 Conjure Flame            Conj/Fire      73%        6-21      1%          3
 Dazzling Flash           Conj/Hex       100%       N/A       1%          3
 Mephitic Cloud           Conj/Pois/Air  58%        N/A       1%          3
 Tukima's Dance           Hex            75%        N/A       1%          3
 Flame Wave               Conj/Fire      73%        2d13      1%          4
 Hailstorm                Conj/Ice       73%        3d15      1%          4
 Sticky Flame             Conj/Fire      73%        2d9       1%          4
 Fireball                 Conj/Fire      36%        3d15      2%          5
 Pain                     Necr           52%        1d6       3%          1
 Silence                  Hex/Air        34%        N/A       3%          5
 Ignite Poison            Fire/Tmut/Pois 30%        N/A       4%          3
 Anguish                  Hex/Necr       26%        N/A       4%          4
 Ice Form                 Ice/Tmut       38%        N/A       10%         4
 Starburst                Conj/Fire      36%        6d11      13%         6
 Animate Dead             Necr           6%         N/A       34%         4
 Dispel Undead            Necr           13%        3d9       34%         4
 Enfeeble                 Hex            37%        N/A       50%         7
 Agony                    Necr           13%        N/A       67%         5
 Excruciating Wounds      Necr           6%         N/A       67%         5
 Simulacrum               Ice/Necr       19%        N/A       83%         6
 Haunt                    Necr/Summ      6%         N/A       100%        7
 Ignition                 Fire           29%        3d9       100%        8
 Infestation              Necr           6%         N/A       100%        8


Dungeon Overview and Level Annotations

Branches:
Dungeon (12/15)            Temple (0/1) D:7            Lair (6/6) D:10
  Swamp (0/4) Lair:3       Spider (0/4) Lair:3        Slime (0/5) Lair:6
    Orc (1/2) D:12            Elf (0/3) Orc:2

Shops:
D:3 (   D:5 =   D:8 :   Orc:1 (   Orc:2 =((:

Annotations:
Lair:4 3 runed translucent doors, Aarinfel's ghost, journeyman GrFi
Orc:2 Nessos


Innate Abilities, Weirdness & Mutations

You have an increased reservoir of magic. (+10% MP)
You shall have no god before yourself.
Your divine heritage dramatically boosts your attributes as you level up.


Message History

Casting: Iskenderun's Mystic Blast (mildly dangerous; 1% risk of failure)
Confirm with . or Enter, or press ? or * to list all spells.
Aiming: Fulminant Prism (safe; 1% risk of failure)
Press: ? - help, Dir - move target, p - Nessos You conjure a prism of explosive energy!
A fulminant prism comes into view.
You feel very sick.
Nessos shoots an arrow.
The arrow hits you!
* * * LOW HITPOINT WARNING * * *
The arrow burns you.
* * * LOW HITPOINT WARNING * * *
Nessos shoots an arrow.
The arrow hits you!
* * * LOW HITPOINT WARNING * * *
The arrow burns you.
* * * LOW HITPOINT WARNING * * *
You feel sick.
Nessos shoots an arrow.
The arrow hits your fulminant prism!! The arrow burns your fulminant prism.
Your fulminant prism detonates feebly.
Nessos mumbles some strange words.
Nessos blinks!
Unknown command.
Aiming: Magic Dart (safe; 1% risk of failure)
Press: ? - help, Q - select action, (/) - cycle Shift-Dir - straight line, f - Nessos
Aim: Nessos, wielding a +3 longbow of flaming, wearing a +0 barding and quivering arrows (heavily wounded, fast, inner flame, 100% to hit)
The magic dart hits Nessos but does no damage.
Nessos is heavily wounded.
You feel sick.
Nessos shoots an arrow.
The arrow hits you!
* * * LOW HITPOINT WARNING * * *
The arrow burns you.
You are more poisoned.
* * * LOW HITPOINT WARNING * * *
Nessos shoots an arrow.
The arrow hits you!
* * * LOW HITPOINT WARNING * * *
The arrow burns you.
* * * LOW HITPOINT WARNING * * *
The troll bites you!
* * * LOW HITPOINT WARNING * * *
The troll closely misses you. You block the troll's attack.
Unknown command.
You die...

...c...## .....)...
....))..##
#...............#
###......$....<)..##
##..$.....#.........#####
#.........# ####.T..)##.#
..........# #........#.#
.........## ###@....).$#
......$...## #......).##
#......####$......##
#......#.......#.##
##.............###
##.............#
#......).....###
##.##..)......#
###........###


You could see a troll.

Vanquished Creatures
  Snorg (D:11)
  A fire dragon (Lair:6)
  Josephine (D:11)
  A boulder beetle (D:11)
  7 hydras
  5 two-headed ogres
  6 death yaks
  Sonja (D:10)
  3 lindwurms (Lair:6)
  An orc knight (Orc:1)
  2 deep elf pyromancers
  An ugly thing (D:12)
  An oklob plant (Lair:5)
  4 cyclopes
  12 elephants
  Maurice (D:9)
  9 black mambas
  18 cane toads
  2 molten gargoyles (Lair:6)
  Maggie (Lair:1)
  2 unseen horrors
  2 gargoyles (D:12)
  8 rime drakes
  2 kobold demonologists
  11 komodo dragons
  A freezing wraith (D:11)
  3 trolls (Orc:1)
  2 polar bears
  10 blink frogs
  17 dream sheep
  3 slime creatures (D:12)
  2 water elementals (D:12)
  Eustachio (D:3)
  7 wraiths (D:11)
  4 shadows (D:12)
  A spriggan (Lair:5)
  7 wyverns
  A vampire (D:11)
  83 yaks
  6 basilisks
  5 steam dragons
  4 vampire mosquitoes (D:12)
  A two-headed ogre zombie (D:12)
  A warg (Orc:1)
  3 acid dragons
  13 water moccasins
  3 hell hounds (Lair:6)
  17 orc warriors
  2 ice beasts
  A black bear (Lair:2)
  2 ogres
  10 wolves
  A centaur (D:9)
  7 kobold brigands
  20 bullfrogs
  2 scorpions
  A wyvern zombie (D:8)
  A water moccasin skeleton (D:6)
  A wyvern skeleton (D:7)
  14 killer bees
  4 wights (D:6)
  4 howler monkeys
  4 electric eels
  2 centaur zombies
  4 lava snakes (Lair:6)
  12 orc priests
  3 centaur skeletons
  A hound (D:6)
  5 jellies
  3 iguanas
  14 orc wizards
  7 ogre zombies (D:12)
  A howler monkey zombie (D:11)
  A howler monkey skeleton (D:7)
  4 gnolls (D:5)
  7 adders
  3 white imps
  An adder skeleton (D:4)
  A worm (D:3)
  2 dart slugs
  59 orcs
  12 ball pythons
  2 bats (D:1)
  8 endoplasms
  6 giant cockroaches
  5 goblins
  6 hobgoblins
  3 jackals (D:1)
  2 quokkas
  3 frilled lizards
  2 goblin skeletons (D:12)
  A goblin zombie (D:12)
  A hobgoblin skeleton (D:12)
  4 hobgoblin zombies (D:12)
  35 kobolds
  An orc skeleton (D:12)
  15 orc zombies (D:12)
  4 rats (D:1)
  2 rat zombies (D:4)
614 creatures vanquished.

Vanquished Creatures (others)
  A bush (Lair:4)
  121 fulminant prisms
  45 fungi
  46 plants
213 creatures vanquished.

Grand Total: 827 creatures vanquished

Notes
Turn   | Place    | Note
-------+----------+-------------------------------------------
     0 | D:1      | pkoi the Demigod Conjurer began the quest for the Orb.
     0 | D:1      | Reached XP level 1. HP: 14/14 MP: 5/5
   190 | D:1      | Reached skill level 4 in Conjurations
   314 | D:1      | Reached XP level 2. HP: 20/20 MP: 4/7
  1284 | D:2      | Identified the +6 long sword "Demigod's Regret" {vorpal,
                  | rPois Str+2 Dex+2 SInv}
  1671 | D:2      | Reached XP level 3. HP: 26/26 MP: 3/8
  2475 | D:3      | Noticed a scorpion
  2489 | D:3      | Killed a scorpion
  2490 | D:3      | Reached skill level 1 in Long Blades
  2490 | D:3      | Reached skill level 5 in Conjurations
  2490 | D:3      | Reached XP level 4. HP: 3/33 MP: 7/10
  2846 | D:2      | Learned a level 2 spell: Searing Ray
  2851 | D:2      | Learned a level 4 spell: Iskenderun's Mystic Blast
  3250 | D:3      | Found Xyis's Antique Weapon Shop.
  3548 | D:3      | Reached XP level 5. HP: 37/38 MP: 3/11
  4527 | D:4      | Noticed Eustachio
  4688 | D:4      | Reached skill level 1 in Translocations
  5447 | D:4      | Noticed an ogre
  5711 | D:3      | Reached XP level 6. HP: 20/45 MP: 3/13
  5880 | D:3      | Killed Eustachio
  5881 | D:3      | Reached skill level 6 in Conjurations
  6115 | D:5      | Entered Level 5 of the Dungeon
  6433 | D:5      | Reached XP level 7. HP: 44/50 MP: 8/14
  6968 | D:5      | Learned a level 4 spell: Fulminant Prism
  7196 | D:5      | Found Eluass's Jewellery Shop.
  8005 | D:6      | Reached skill level 1 in Fighting
  8005 | D:6      | Reached skill level 1 in Hexes
  8006 | D:6      | Reached skill level 1 in Armour
  8319 | D:6      | Identified the +0 robe of the Endless Expanse {rF+ Dex+3}
  8545 | D:6      | Reached skill level 7 in Conjurations
  8545 | D:6      | Reached XP level 8. HP: 53/59 MP: 9/15
  8657 | D:6      | Noticed a two-headed ogre
  9454 | D:7      | Found a staircase to the Ecumenical Temple.
 10129 | D:6      | Killed a two-headed ogre
 10130 | D:6      | Reached XP level 9. HP: 69/69 MP: 0/16
 11157 | D:8      | Found Lafear's Book Shop.
 11539 | D:8      | Reached skill level 5 in Long Blades
 11539 | D:8      | Reached skill level 5 in Translocations
 12308 | D:8      | Reached skill level 8 in Conjurations
 12750 | D:9      | Reached XP level 10. HP: 70/78 MP: 8/17
 13507 | D:9      | Noticed Maurice
 13962 | D:10     | Entered Level 10 of the Dungeon
 14574 | D:10     | Found a staircase to the Lair.
 14651 | D:10     | Reached skill level 5 in Dodging
 14885 | D:10     | Noticed Sonja
 14906 | D:10     | Killed Sonja
 15868 | D:11     | Noticed a two-headed ogre
 15915 | Lair:1   | Entered Level 1 of the Lair of Beasts
 15991 | Lair:1   | Reached skill level 5 in Hexes
 16006 | Lair:1   | Reached skill level 5 in Fighting
 16245 | Lair:1   | Noticed a black mamba
 16254 | Lair:1   | Killed a black mamba
 16255 | Lair:1   | Reached skill level 5 in Armour
 16259 | Lair:1   | Noticed Maggie
 16278 | Lair:1   | Killed Maggie
 16279 | Lair:1   | Reached XP level 11. HP: 82/86 MP: 2/19
 16960 | D:5      | Bought the ring of Qeirenam {rC+ rN+ rCorr Int+2} for 481
                  | gold pieces
 18663 | Lair:1   | Reached skill level 9 in Conjurations
 19495 | Lair:2   | Learned a level 3 spell: Inner Flame
 19536 | Lair:2   | Reached skill level 1 in Fire Magic
 20918 | Lair:2   | Noticed an eight-headed hydra
 20929 | Lair:2   | Killed a nine-headed hydra
 22236 | D:9      | Killed Maurice
 22237 | D:9      | Reached skill level 10 in Conjurations
 22424 | D:9      | Reached skill level 5 in Spellcasting
 22432 | D:9      | Reached XP level 12. HP: 94/94 MP: 4/23
 24527 | Lair:3   | Found a staircase to the Swamp.
 24827 | Lair:3   | Found a hole to the Spider Nest.
 25173 | Lair:4   | Identified the ring of the Princeling {rPois rN++ rCorr
                  | Dex-3}
 26143 | Lair:3   | Learned a level 5 spell: Freezing Cloud
 26790 | Lair:4   | Found a runed translucent gate.
 26795 | Lair:4   | Reached XP level 13. HP: 102/102 MP: 26/26
 26797 | Lair:4   | Found a runed translucent gate.
 26797 | Lair:4   | Found a runed translucent gate.
 26855 | Lair:4   | Noticed a minotaur
 26855 | Lair:4   | Noticed Aarinfel's ghost (journeyman GrFi)
 27131 | Lair:4   | Reached skill level 1 in Evocations
 27842 | Lair:4   | Reached skill level 5 in Fire Magic
 31353 | Lair:6   | Entered Level 6 of the Lair of Beasts
 31540 | Lair:6   | Reached XP level 14. HP: 101/110 MP: 10/27
 33930 | Lair:6   | Reached skill level 11 in Conjurations
 34550 | Lair:6   | Reached skill level 5 in Ice Magic
 34555 | Lair:6   | Reached skill level 5 in Air Magic
 35366 | Lair:6   | Found a staircase to the Slime Pits.
 36465 | Lair:6   | Found a large runed translucent door.
 36467 | Lair:6   | Found a large runed translucent door.
 38571 | D:11     | Noticed Josephine
 38578 | D:11     | Killed Josephine
 40236 | D:11     | Noticed Snorg
 40244 | D:11     | Killed Snorg
 40984 | D:11     | Reached skill level 10 in Long Blades
 44366 | D:12     | Found a staircase to the Orcish Mines.
 44396 | D:12     | Reached XP level 15. HP: 115/116 MP: 19/28
 45594 | Orc:1    | Entered Level 1 of the Orcish Mines
 47376 | Orc:1    | Found Ziqehob Pocw's Weapon Shoppe.
 47396 | Orc:1    | You fall into a shaft and drop 1 floor!
 47396 | Orc:2    | Entered Level 2 of the Orcish Mines
 47412 | Orc:2    | Noticed Nessos
 47443 | Orc:2    | HP: 5/116 [orc priest/divine providence (10)]
 47447 | Orc:2    | Found a staircase to the Elven Halls.
 47522 | Orc:2    | Found Gaguzot's Weapon Shoppe.
 47522 | Orc:2    | Found Ashrixie's Book Shoppe.
 47522 | Orc:2    | Found Avvuc's Jewellery Shoppe.
 47524 | Orc:2    | Found Migycref's Antique Weapon Emporium.
 47547 | Orc:2    | HP: 1/116 [ogre/+0 giant club (17)]
 47756 | Orc:2    | HP: 2/116 [troll (10)]
 47757 | Orc:2    | Succumbed to Nessos's poison

Illustrated notes

Levels and vault maps discovered:
D:1:      mrwooster_arrival_statue, layout_loops_ring,
          chequers_ecumenical_altar_island
D:2:      layout_basic, basic_altar, st_stairs_6, nrook_mini_vaults
D:3:      layout_loops_corners, serial_shops, shop, corexii_leaking_fountain
D:4:      layout_cave_pods, lemuel_zombie_altar_kikubaaqudgha,
          minmay_surrounded, uniq_eustachio
D:5:      layout_loops_ring, serial_shops, nicolae_shop_waterfront,
          kennysheep_dice
D:6:      layout_basic, hangedman_decor_clover_reticule
D:7:      layout_cave_pools, minmay_temple_entry_waves
D:8:      layout_basic, serial_rivers, chequers_serial_rivers_micro_b,
          chequers_serial_rivers_micro_b, chequers_serial_rivers_room_a,
          chequers_serial_rivers_large_a, chequers_serial_rivers_small_a,
          serial_shops, kennysheep_mini_moat
D:9:      layout_cave_pods, uniq_maurice
D:10:     layout_loops_corners, dpeg_oklobed_lair, uniq_sonja
D:11:     minmay_chambers_of_sevens, layout_long_grid, uniq_snorg,
          uniq_josephine
D:12:     layout_basic, zombieorc2_lemuel
Lair:1:   layout_regular_city, infiniplex_staircase_pool_2, grunt_megastairs_5,
          uniq_maggie
Lair:2:   layout_big_grid
Lair:3:   layout_loops_ring, swamp_mist, spider_nest_entry_web_field,
          chequers_serial_rivers_micro_a
Lair:4:   nzn_winding_woodlands_medium [nzn_winding_woodlands_5x5_checkerboard,
          nzn_winding_woodlands_5x15_pool, nzn_winding_woodlands_5x5_perimeter,
          nzn_winding_woodlands_5x5_open_star,
          nzn_winding_woodlands_center_triple_pond,
          nzn_winding_woodlands_5x5_default, nzn_winding_woodlands_hourglass,
          nzn_winding_woodlands_5x15_jagged, nzn_winding_woodlands_5x5_cross],
          layout_regular_city, maelrawn_ghost_gauntlet_escape,
          nicolae_quartered_pool_impasse
Lair:5:   layout_big_grid, minmay_lair_oklob_items,
          grunt_forest_large_clearing_hut
Lair:6:   cheibrodos_lair_end_hotspot, layout_layer_cave,
          nicolae_slime_entry_slimehenge, nicolae_lair_lindhole,
          serial_bayou_shore_b
Orc:1:    layout_diamond_mine, serial_shops, nicolae_shop_behind_doors
Orc:2:    st_orc_pillars, layout_diamond_mine, uniq_nessos

Skill      XL: |  1  2  3  4  5  6  7  8  9 10 11 12 13 14 15 |
---------------+----------------------------------------------+-----
Conjurations   | 4 5 6 7 8 10 11 | 11.8
Spellcasting   | 2 3 5 6 |  6.3
Long Blades    | 1 2 3 4 5 6 7 8 10 | 10.1
Translocations | 1 2 3 4 5 6 |  6.0
Dodging        | 2 3 4 5 6 7 |  7.0
Fighting       | 1 3 4 5 6 |  6.5
Hexes          | 1 3 4 5 6 7 8 9 |  9.5
Armour         | 1 2 3 5 6 |  6.4
Fire Magic     | 3 4 5 6 |  6.0
Ice Magic      | 2 3 6 |  6.0
Air Magic      | 2 3 6 |  6.0
Evocations     | 3 |  3.0
Stealth        | 2 |  2.8

Action                   |  1- 3 |  4- 6 |  7- 9 | 10-12 | 13-15 || total
-------------------------+-------+-------+-------+-------+-------++-------
Melee: Long sword        |     5 |     9 |    93 |   164 |   136 ||   407
       Punch             |       |       |     1 |     2 |     4 ||     7
       Unarmed           |       |       |       |       |     5 ||     5
 Cast: Magic Dart        |    72 |    82 |    45 |   122 |   437 ||   758
       Searing Ray       |       |     7 |    12 |     4 |     3 ||    26
       Iskenderun's Myst |       |       |    19 |    78 |   131 ||   228
       Fulminant Prism   |       |       |    24 |    42 |    55 ||   121
       Inner Flame       |       |       |       |    32 |   154 ||   186
       Freezing Cloud    |       |       |       |       |    22 ||    22
Evoke: Wand              |       |       |       |     3 |       ||     3
  Use: Scroll            |       |     7 |     1 |    13 |     6 ||    27
       Potion            |       |       |       |     6 |     4 ||    10
Armor: Robe              |     5 |    12 |    25 |    39 |       ||    81
       Acid dragon scale |       |       |       |    21 |   106 ||   127
Dodge: Dodged            |     5 |    23 |    76 |   180 |   147 ||   431
Block: Other             |       |       |    10 |    56 |    47 ||   113
       Reflection        |       |       |     1 |     1 |     7 ||     9
